 Dungeon Crawl Stone Soup version 0.30-a0-1016-gfb0d676c02 (webtiles) character file.

Game seed: 17971727720282697674

181764 kae the Brawler (level 17, -9/139 HPs)
             Began as a Demonspawn Transmuter on Apr 6, 2023.
             Was the Champion of Ru.
             Killed from afar by a will-o-the-wisp (23 damage)
             ... with a foxfire
             ... on level 2 of the Swamp.
             The game lasted 00:40:26 (35555 turns).

kae the Brawler (Demonspawn Transmuter)            Turns: 35555, Time: 00:40:27

Health: -9/139     AC: 19    Str: 15    XL:     17   Next: 34%
Magic:  0/27       EV: 18    Int: 22    God:    Ru [******]
Gold:   3778       SH:  0    Dex: 13    Spells: 15/30 levels left

rFire   . . .      SeeInvis +      - Unarmed
rCold   + + +      Faith    .    (no shield)
rNeg    . . .      Spirit   +    M - +4 skin of Zhor {*Englaciate rC+++ SInv}
rPois   +          Reflect  .    g - +0 helmet {Int+3}
rElec   .          Rampage  .    h - +2 cloak
rCorr   .                        (gloves unavailable)
Will    +....                    B - +2 pair of boots {Fly} Stlth
                                 L - amulet of magic regeneration
HPRegen 0.43/turn                O - +4 ring of protection
MPRegen 0.80/turn                P - ring of poison resistance

@: flying, studying Transmutations, unable to read
A: icy blue scales 1, foul stench 2, magic shield, magic regeneration, inability
to read after injury 2, no stealth, inability to use devices, hated by all,
inability to train armour, bedeviling, demonic touch 3
}: 1/15 runes: gossamer
a: Renounce Religion, Draw Out Power, Power Leap, Apocalypse


You were on level 2 of the Swamp.
You worshipped Ru.
Ru was exalted by your worship.
You visited 5 branches of the dungeon, and saw 28 of its levels.
You visited the Abyss 1 time.
You also visited: Sewer, Ossuary, Bailey and Ice Cave.

You collected 3983 gold pieces.
You spent 205 gold pieces at shops.


Innate Abilities, Weirdness & Mutations

You are partially covered in icy blue scales. (AC +2)
You sometimes emit foul miasma when damaged in melee.
When hurt, damage is shared between your health and your magic reserves.
You regenerate magic rapidly.
You sometimes lose the ability to read scrolls when taking damage.
You cannot be stealthy.
You cannot study or use magical devices.
You are hated by all.
You cannot train Armour skill.
Your hexes are more powerful.
Your touch may irresistibly damage your foes and sap their willpower.


   Skills:
 + Level 14.0 Fighting
 + Level 13.1 Dodging
 * Level 18.4 Unarmed Combat
 - Level 7.0 Spellcasting
 - Level 13.0 Transmutations
 - Level 6.0 Ice Magic
 - Level 2.0 Poison Magic


You had 15 spell levels left.
You knew the following spells:

 Your Spells              Type           Power      Damage    Failure   Level
a - Blade Hands           Tmut           30%        N/A       1%          5
b - Wereblood             Tmut           60%        N/A       1%          2
c - Spider Form           Tmut/Pois      40%        N/A       1%          3
d - Ice Form              Ice/Tmut       49%        N/A       1%          4
e - Beastly Appendage     Tmut           100%       N/A       1%          1

Your spell library contained the following spells:

 Spells                   Type           Power      Damage    Failure   Level
 Freeze                   Ice            100%       1d10      1%          1
 Passwall                 Tmut/Erth      30%        N/A       1%          2
 Frozen Ramparts          Ice            68%        1d11      1%          3
 Ozocubu's Armour         Ice            34%        N/A       1%          3
 Hailstorm                Conj/Ice       20%        3d6       7%          3
 Apportation              Tloc           14%        N/A       9%          1
 Magic Dart               Conj           28%        1d4       9%          1
 Necrotise                Necr           28%        1d5       9%          1
 Sandblast                Erth           14%        2d6       9%          1
 Slow                     Hex            44%        N/A       9%          1
 Blink                    Tloc           14%        N/A       12%         2
 Lesser Beckoning         Tloc           14%        N/A       12%         2
 Momentum Strike          Conj/Tloc      14%        3d8       12%         2
 Sublimation of Blood     Necr           7%         N/A       12%         2
 Mephitic Cloud           Conj/Pois/Air  10%        N/A       19%         3
 Confusing Touch          Hex            11%        N/A       24%         3
 Gell's Gravitas          Tloc           7%         N/A       24%         3
 Portal Projectile        Hex/Tloc       22%        N/A       24%         3
 Stone Arrow              Conj/Erth      14%        3d7       24%         3
 Teleport Other           Tloc           7%         N/A       24%         3
 Vampiric Draining        Necr           7%         2d6       24%         3
 Olgreb's Toxic Radiance  Pois           16%        N/A       34%         4
 Eringya's Noxious Bog    Tmut/Pois      20%        N/A       50%         6
 Anguish                  Hex/Necr       5%         N/A       63%         4
 Cause Fear               Hex            5%         N/A       63%         4
 Passage of Golubria      Tloc           7%         N/A       63%         4
 Silence                  Hex/Air        5%         N/A       92%         5
 Ozocubu's Refrigeration  Ice            17%        4d11      99%         7
 Conjure Ball Lightning   Conj/Air       3%         3x3d6     100%        6
 Enfeeble                 Hex            5%         N/A       100%        7
 Discord                  Hex            5%         N/A       100%        8
 Disjunction              Tloc           3%         N/A       100%        8
 Ignition                 Fire           3%         3d4       100%        8
 Lehudib's Crystal Spear  Conj/Erth      3%         10d3      100%        8
 Summon Small Mammal      Summ           Unusable   N/A       N/A         1
 Call Imp                 Summ           Unusable   N/A       N/A         2
 Tukima's Dance           Hex            Unusable   N/A       N/A         3
 Summon Ice Beast         Ice/Summ       Unusable   N/A       N/A         4
 Summon Forest            Summ/Tloc      Unusable   N/A       N/A         5
 Summon Hydra             Summ           Unusable   N/A       N/A         7

Inventory:

Missiles
 n - 99 stones
 s - 2 silver javelins
Armour
 g - a +0 helmet of intelligence (worn)
   (You bought it in a shop on level 2 of the Orcish Mines)
 h - a +2 cloak (worn)
   (You found it on level 1 of the Spider Nest)
 B - a +2 pair of boots of flying (worn)
   (You found it in a bailey)
 D - the +4 pair of boots "Xuczouf" {rC+}
   (You found it on level 10 of the Dungeon)

   rC:        It protects you from cold.
 M - the +4 skin of Zhor (worn) {*Englaciate rC+++ SInv}
   (You found it in an ice cave)

   *Englaciate: It radiates cold, occasionally slowing all nearby creatures who
   are not resistant to cold.
   rC:        It renders you almost immune to cold.
   SInv:      It lets you see invisible.
 N - a +1 robe of willpower
   (You found it in an ice cave)
Magical Staves
 y - a staff of air {!a}
   (You found it in a bailey)
 A - a staff of earth {!a}
   (You took it off Jorgrun on level 3 of the Spider Nest)
Jewellery
 o - a +4 ring of protection
   (You found it on level 4 of the Dungeon)
 v - a ring of see invisible
   (You found it on level 2 of the Lair of Beasts)
 x - a +4 ring of protection
   (You found it on level 7 of the Dungeon)
 E - a +5 ring of evasion
   (You found it on level 4 of the Dungeon)
 F - a ring of fire
   (You found it on level 7 of the Dungeon)
 G - an amulet of guardian spirit
   (You found it on level 4 of the Spider Nest)
 L - an amulet of magic regeneration (around neck)
   (You took it off a kobold on level 9 of the Dungeon)
 O - a +4 ring of protection (left hand)
   (You found it on level 2 of the Dungeon)
 P - a ring of poison resistance (right hand)
   (You found it on level 2 of the Lair of Beasts)
 S - a +6 ring of strength
   (You found it on level 6 of the Dungeon)
 Y - a +4 ring of slaying
   (You found it on level 6 of the Dungeon)
 Z - a ring of wizardry
   (You found it on level 4 of the Lair of Beasts)
Wands
 m - a wand of charming (4)
   (You found it on level 2 of the Spider Nest)
 K - a wand of polymorph (5)
   (You found it on level 4 of the Spider Nest)
 T - a wand of roots (3)
   (You found it on level 4 of the Spider Nest)
Scrolls
 a - 2 scrolls of brand weapon
 d - a scroll of immolation {!r!r}
 f - 2 scrolls of fog
 j - 3 scrolls of torment {!r}
 l - 2 scrolls of silence {!r}
 t - a scroll of enchant weapon
 u - 6 scrolls of vulnerability {!r!r}
 C - 3 scrolls of magic mapping {!r}
 H - 11 scrolls of identify {@r1}
 I - 8 scrolls of teleportation {@r4}
 J - 4 scrolls of poison {!r}
 Q - 2 scrolls of fear
 U - a scroll of summoning {unknown}
 X - 3 scrolls of blinking {!r}
Potions
 b - 17 potions of heal wounds {@q2}
 c - 7 potions of ambrosia
 e - 18 potions of curing {@q1}
 i - 10 potions of brilliance
 k - 5 potions of mutation {!q}
 p - 3 potions of resistance
 q - a potion of might
 r - a potion of attraction {!q}
 w - 6 potions of invisibility
 z - 2 potions of cancellation
 R - 6 potions of flight
 V - 4 potions of haste {@q3}
 W - a potion of berserk rage {!q}

Dungeon Overview and Level Annotations

Branches:
Dungeon (15/15) Zot: 25595  Temple (0/1) D:6            Lair (5/5) D:11 Zot: 23209
  Swamp (2/4) Lair:3 Zot: 10785  Spider (4/4) Lair:2 Zot: 18937   Slime (0/5) Lair:4
    Orc (2/2) D:9 Zot: 9887     Elf (0/3) Orc:2        Vaults (0/5) D:13
 Depths (0/4) D:15          Sewer (visited)         Ossuary (visited)
 Bailey (visited)           IceCv (visited)

Altars:
Dithmenos
Qazlal
Ru
Trog
Xom
Lugonu

Shops:
D:6 !   D:8 (   D:15 ?   Orc:2 (!(([[(

Portals:
Abyss: Lair:5
Trove: D:10 (give 6 scrolls of fog)

Annotations:
D:8 1 runed translucent door, Ishchenko's ghost, novice HOFi

♣♣♣♣ ...... ♣♣~~♣
......♣♣♣ ♣♣ ♣.~~♣
._.^.~.~♣♣♣~♣♣♣♣~~~♣♣♣♣♣♣
....~~~~~~♣..~♣♣..~~...~♣
....~~~~..♣.~~♣♣...~~~~..
~♣~.~~..~.♣...~~..~~~~~~.
.>..~~†~..♣♣~.~...~~~~§.~
~...~~~X@.~♣~....~§~§~..~
....~~~~v♣~$.....~~~~.♣♣.
~.~.~~~.v♣♣♣♣♣♣<§§~§~~♣♣♣
.~..!...w. ....~~~♣♣♣.
.....♣♣.§~. .....~..♣ ♣.
..... §§~~~~~~~..~..~~♣♣.
~~.~ ~.~♣♣♣♣~~~..♣♣♣♣♣♣♣.
♣♣.♣ ♣.♣♣ ♣~~.~♣ ♣. ♣~
§~... ..


You could see a tentacled monstrosity, a will-o-the-wisp and a swamp worm
(slow).


Message History

U - a scroll labelled KEJ OHOXKOSE
There is a stone staircase leading up here.
W - a potion of berserk rage {!q}
There is a stone staircase leading up here.
Found a stone staircase leading up.
You now have 3778 gold pieces (gained 18).
f - 2 scrolls of fog (gained 1)
A swamp worm comes into view.
You radiate an aura of cold.
The swamp worm seems to slow down.
You see here 22 gold pieces.
A swamp worm is nearby!
A swamp worm is nearby!
A swamp worm is nearby!
Casting: Blade Hands (mildly dangerous; 1% risk of failure)
Confirm with . or Enter, or press ? or * to list all spells.
Your hands turn into razor-sharp scythe blades.
Your transformation is almost over. 😎 MP[-3]
You lost 3 mp, and now have 24/27 mp.
A will-o-the-wisp and a bog body come into view.
The will-o-the-wisp gives a chilling moan.
The swamp worm fires a harpoon shot at you.
The harpoon shot misses you. 😎 MP[+1]
A tentacled monstrosity comes into view.
Found a glowing silver altar of Zin.
Found a stone staircase leading down.
A swamp worm comes into view.
The will-o-the-wisp gestures.
The will-o-the-wisp conjures some foxfire!
The bog body touches you! The bog body freezes you. You resist.
The swamp worm begins to attack, but is stunned by your conviction! 2 foxfires come into view.
You see here a scroll of identify {@r1}.
You barely miss the bog body. The foxfire hits you!
The will-o-the-wisp gestures.
The will-o-the-wisp conjures some foxfire! 2 foxfires come into view. 😕 HP[-16] MP[-3]
You take 16 damage, and now have 123/139 hp.
You lost 3 mp, and now have 22/27 mp.
You slice the bog body!!
You touch the bog body.
You destroy the bog body!
The foxfire hits you!
The swamp worm fires a harpoon shot at you.
The harpoon shot hits you but does no damage.
The foxfire hits you but does no damage.
The foxfire hits you!
The will-o-the-wisp gestures.
The will-o-the-wisp conjures some foxfire!
The swamp worm barely misses you. 2 foxfires come into view. 😕 HP[-17] MP[-1]
You take 17 damage, and now have 106/139 hp.
You lost 1 mp, and now have 21/27 mp.
Unknown command.
You slash the swamp worm! Your touch misses the swamp worm.
You slash the swamp worm!!
You are engulfed in a cloud of scalding steam.
The swamp worm is no longer moving slowly.
The will-o-the-wisp gestures.
The will-o-the-wisp conjures some foxfire! 2 foxfires come into view.
You closely miss the swamp worm. You slash the swamp worm!
You kill the swamp worm!
You radiate an aura of cold.
The foxfire resists.
The tentacled monstrosity is unaffected.
The foxfire resists. x2
The will-o-the-wisp is unaffected.
The swamp worm seems to slow down.
The foxfire resists.
You are engulfed in a cloud of scalding steam.
The foxfire hits you!!
You feel threatened and lose the ability to read scrolls!
The foxfire hits you! The foxfire hits you!!
* * * LOW HITPOINT WARNING * * *
😨 HP[-48] MP[-9]
You take 48 damage, and now have 58/139 hp.
MASSIVE DAMAGE!! (PAUSE)
You lost 9 mp, and now have 12/27 mp.
The will-o-the-wisp gestures.
The will-o-the-wisp conjures some foxfire! 2 foxfires come into view. 😨 HP[+1] MP[+1] Unknown command.
You slash the tentacled monstrosity!
You are engulfed in a cloud of scalding steam.
Your hands revert to their normal proportions.
The foxfire hits you!!
* * * LOW HITPOINT WARNING * * *
The foxfire hits you!!
* * * LOW HITPOINT WARNING * * *
The tentacled monstrosity barely misses you.
The tentacled monstrosity tentacle-slaps you but does no damage. x2
The tentacled monstrosity misses you. 😱 HP[-45] MP[-10]
You take 45 damage, and now have 14/139 hp.
MASSIVE DAMAGE!! (PAUSE)
You lost 10 mp, and now have 3/27 mp.
You completely miss the tentacled monstrosity.
You punch the tentacled monstrosity! The foxfire hits you!!
You die...

Skill      XL: |  1  2  3  4  5  6  7  8  9 10 11 12 13 14 15 16 17 |
---------------+----------------------------------------------------+-----
Transmutations | 2 3 4 5 6 8 9 10 11 13 | 13.0
Unarmed Combat | 3 4 5 6 7 9 11 13 14 16 17 18 | 18.4
Poison Magic   | 1 2 |  2.0
Spellcasting   | 3 4 5 6 7 |  7.0
Ice Magic      | 1 2 3 5 6 |  6.0
Dodging        | 2 4 6 7 9 10 11 12 13 | 13.1
Fighting       | 3 6 8 9 11 12 13 14 | 14.0

Action                     |  1- 3 |  4- 6 |  7- 9 | 10-12 | 13-15 | 16-18 || total
---------------------------+-------+-------+-------+-------+-------+-------++-------
  Melee: Unarmed           |    83 |   189 |   409 |   697 |   989 |   477 ||  2844
         Kick              |    15 |    13 |       |       |       |       ||    28
         Headbutt          |     8 |     7 |       |       |       |       ||    15
         Punch             |       |     4 |       |       |    92 |    56 ||   152
         Touch             |       |     4 |     3 |     2 |   196 |   101 ||   306
   Cast: Beastly Appendage |    20 |    18 |       |     3 |       |     1 ||    42
         Spider Form       |       |    13 |     6 |       |       |       ||    19
         Wereblood         |       |     5 |     9 |    23 |    44 |    18 ||    99
         Ice Form          |       |     1 |    30 |    62 |     2 |     1 ||    96
         Blade Hands       |       |       |       |     2 |   137 |    63 ||   202
 Invoke: Sacrifice Stealth |       |       |       |     1 |       |       ||     1
         Sacrifice Durabil |       |       |       |     1 |       |       ||     1
         Reject Sacrifices |       |       |       |     1 |     1 |       ||     2
         Sacrifice Artific |       |       |       |       |     1 |       ||     1
         Sacrifice Love    |       |       |       |       |     1 |       ||     1
         Sacrifice Words   |       |       |       |       |     1 |       ||     1
         Draw Out Power    |       |       |       |       |       |     1 ||     1
         Apocalypse        |       |       |       |       |       |     1 ||     1
  Evoke: Wand              |       |       |       |    18 |       |       ||    18
    Use: Potion            |     2 |       |       |     4 |       |       ||     6
         Scroll            |     2 |     3 |    12 |     8 |     5 |     1 ||    31
   Stab: Sleeping          |       |       |     1 |       |       |       ||     1
         Distracted        |       |       |       |       |     3 |     1 ||     4
         Invisible         |       |       |       |       |     5 |     3 ||     8
         Paralysed         |       |       |       |       |       |     6 ||     6
 Armour: Robe              |    15 |    30 |    11 |     2 |       |       ||    58
         Skin              |    20 |    27 |   228 |   430 |     9 |     4 ||   718
         Animal skin       |       |       |       |     1 |   319 |   183 ||   503
  Dodge: Dodged            |    47 |   164 |   226 |   427 |   607 |   264 ||  1735

Levels and vault maps discovered:
D:1:      minmay_arrival_four_circles, layout_basic, serial_forest,
          infiniplex_forest_clump_medium, infiniplex_forest_straight_3,
          infiniplex_forest_clump_small, infiniplex_forest_clump_medium,
          infiniplex_forest_fountain, infiniplex_forest_straight_3,
          infiniplex_forest_corner_2, infiniplex_forest_straight_5,
          infiniplex_forest_lined_corner
D:2:      layout_basic, uniq_robin
D:3:      cheibrodos_pilgrimage, layout_loops_ring, portal_sewer_entry_e,
          shapermc_ecumenical_altar_pompeii, minmay_misc_feat_x
D:4:      layout_basic
D:5:      layout_layer_cave, serial_bayou_lagoon_a
D:6:      layout_basic, minmay_temple_entry_grid, serial_shops, shop,
          minmay_alternating_orb
D:7:      layout_loops_ring, chequers_ossuary_entry_cave,
          david_defended_altar_orc
D:8:      layout_basic, minmay_overflow_temple_star_hex, enter_bailey_5,
          ebering_ghost_xom, nicolae_stop_n_shop_2, nrook_pool_corridor
D:9:      layout_basic, zombieorc2_lemuel, serial_glass, glass_columns_a,
          glass_columns_c
D:10:     cheibrodos_shockbox, layout_stronghold, enter_trove_3, uniq_josephine
D:11:     layout_rooms, erik_lair_island
D:12:     layout_basic, tgw_fedhas, uniq_lodul
D:13:     layout_roguey, david_vaults_1
D:14:     layout_basic, minmay_misc_feat_tiny, minivault_23
D:15:     hangedman_depths_entry_try_elsewhere_first, layout_grid_maze,
          serial_shops, shop_scrolls, trog_ov_bears_minmay
Lair:1:   layout_gridlike, lemuel_fruit_tree, serial_bayou_shore_b
Lair:2:   layout_regular_city, hellmonk_spider_entry_not_the_bees,
          portal_ice_cave_entry_imps, st_stairs_7,
          chequers_serial_rivers_micro_a, nzn_random_ring
Lair:3:   layout_roguey, skrybe_swamp_entry_bodies
Lair:4:   layout_gridlike, minmay_slime_entry_eyes, infiniplex_staircase_pool_2
Lair:5:   hellmonk_lair_end_abyssal_woods, layout_hall_layers
Swamp:1:  layout_basic_swamp, hangedman_swamp_cone
Swamp:2:  layout_basic_swamp, basic_altar, nicolae_swamp_vermiculated
Spider:1: layout_spider_delve
Spider:2: layout_spider_delve
Spider:3: layout_cave_pods, nicolae_orb_island, uniq_jorgrun
Spider:4: grunt_spider_rune_parallel
Orc:1:    layout_diamond_mine
Orc:2:    grunt_orc_community_town_hall, layout_caves,
          grunt_orc_community_big_house_1, grunt_orc_community_big_house_1,
          grunt_orc_community_house_3, grunt_orc_community_house_2,
          grunt_orc_community_house_2, grunt_orc_community_house_3,
          serial_shops, nicolae_square_shop,
          nicolae_shop_temple_entry_statues_fountains, shop

Notes
Turn   | Place    | Note
-------+----------+-------------------------------------------
     0 | D:1      | kae the Demonspawn Transmuter began the quest for the Orb.
     0 | D:1      | Reached XP level 1. HP: 15/15 MP: 3/3
     0 | D:1      | magus.rc [v1.11.3]
    43 | D:1      | Reached skill level 2 in Transmutations
   203 | D:1      | Gained mutation: You regenerate magic rapidly. [demonic
                  | ancestry]
   203 | D:1      | Reached XP level 2. HP: 21/21 MP: 1/5
   324 | D:1      | Reached skill level 3 in Unarmed Combat
   327 | D:1      | Learned a level 2 spell: Wereblood
   383 | D:1      | Gained mutation: When hurt, damage is shared between your
                  | health and your magic reserves. [demonic ancestry]
   383 | D:1      | Reached XP level 3. HP: 25/26 MP: 4/6
   387 | D:1      | Learned a level 3 spell: Spider Form
   424 | D:1      | You fall into a shaft and drop 1 floor!
  1153 | D:2      | Reached skill level 1 in Poison Magic
  1153 | D:2      | Gained mutation: You may rarely emit foul miasma when
                  | damaged in melee. [demonic ancestry]
  1153 | D:2      | Reached XP level 4. HP: 32/32 MP: 5/7
  1161 | D:2      | You pick up a book of Frost and begin reading...
  1161 | D:2      | You add the spells Freeze, Frozen Ramparts and Hailstorm to
                  | your library.
  1176 | D:2      | Noticed Robin
  1191 | D:2      | Killed Robin
  1192 | D:2      | Reached skill level 3 in Transmutations
  2141 | D:3      | Reached skill level 2 in Poison Magic
  2141 | D:3      | Reached XP level 5. HP: 16/37 MP: 2/9
  2155 | D:3      | Reached skill level 3 in Spellcasting
  2607 | D:3      | Found a glowing drain.
  2621 | Sewer    | Entered a sewer
  2671 | Sewer    | Learned a level 4 spell: Ice Form
  2671 | Sewer    | Noticed Pargi
  2793 | Sewer    | Killed Pargi
  2794 | Sewer    | Reached skill level 4 in Transmutations
  2794 | Sewer    | Reached skill level 1 in Ice Magic
  2794 | Sewer    | Gained mutation: Your touch may inflict minor irresistible
                  | damage on your foes. [demonic ancestry]
  2794 | Sewer    | Reached XP level 6. HP: 43/43 MP: 5/10
  2886 | D:3      | Found a faded altar of an unknown god.
  3395 | D:4      | Identified the +0 robe of the Eternal Void {rN+}
  3447 | D:4      | Reached skill level 2 in Ice Magic
  3464 | D:4      | Gained mutation: Your touch may inflict irresistible damage
                  | on your foes. [demonic ancestry]
  3464 | D:4      | Reached XP level 7. HP: 47/48 MP: 8/12
  3528 | D:4      | Reached skill level 4 in Unarmed Combat
  4010 | D:5      | Entered Level 5 of the Dungeon
  4263 | D:5      | Reached skill level 5 in Transmutations
  4354 | D:5      | Reached skill level 3 in Ice Magic
  4464 | D:5      | Reached skill level 4 in Spellcasting
  5520 | D:6      | Noticed a steam dragon
  5524 | D:6      | Killed a steam dragon
  5525 | D:6      | Gained mutation: Your touch may irresistibly damage your
                  | foes and sap their willpower. [demonic ancestry]
  5525 | D:6      | Reached XP level 8. HP: 54/54 MP: 10/14
  5553 | D:6      | Reached skill level 4 in Ice Magic
  5809 | D:6      | Found a staircase to the Ecumenical Temple.
  5817 | D:6      | Reached skill level 6 in Transmutations
  5857 | D:6      | Found Iweomuxt's Distillery.
  5885 | D:6      | Bought a potion of degeneration for 10 gold pieces
  5964 | D:6      | Reached skill level 5 in Unarmed Combat
  5972 | D:6      | Reached skill level 5 in Ice Magic
  5977 | D:6      | Reached XP level 9. HP: 59/59 MP: 14/16
  5990 | D:6      | Reached skill level 5 in Spellcasting
  6056 | D:6      | You pick up a book of Displacement and begin reading...
  6056 | D:6      | You add the spells Lesser Beckoning, Gell's Gravitas and
                  | Teleport Other to your library.
  6069 | D:6      | You pick up a book of Cantrips and begin reading...
  6069 | D:6      | You add the spells Necrotise, Summon Small Mammal and
                  | Apportation to your library.
  6322 | D:7      | Reached skill level 7 in Transmutations
  6398 | D:7      | Found a sand-covered staircase.
  6465 | Ossuary  | Entered an ossuary
  6643 | Ossuary  | Reached skill level 6 in Ice Magic
  7531 | D:8      | Reached skill level 6 in Unarmed Combat
  7545 | D:8      | Found a flagged portal.
  7562 | Bailey   | Entered a bailey
  7684 | Bailey   | Reached skill level 8 in Transmutations
  7695 | Bailey   | Reached skill level 2 in Dodging
  7850 | Bailey   | Gained mutation: You sometimes emit foul miasma when
                  | damaged in melee. [demonic ancestry]
  7850 | Bailey   | Reached XP level 10. HP: 67/67 MP: 15/18
  8296 | D:8      | Reached skill level 2 in Fighting
  8296 | D:8      | Reached skill level 6 in Spellcasting
  8363 | D:8      | Found a sacrificial altar of Ru.
  8365 | D:8      | Found a bloodstained altar of Trog.
  8372 | D:8      | Found a stormy altar of Qazlal.
  8375 | D:8      | Found a hazy altar of Hepliaklqana.
  8375 | D:8      | Found a shadowy altar of Dithmenos.
  8668 | D:8      | Found Jisid's Antique Weapon Shoppe.
  8675 | D:8      | Found a runed translucent door.
  8676 | D:8      | Found a shimmering altar of Xom.
  8676 | D:8      | Noticed Ishchenko's ghost (novice HOFi)
  8676 | D:8      | Noticed a +0 whip of chaos
  9249 | D:8      | Became a worshipper of Ru the Awakened
  9480 | D:9      | Reached skill level 3 in Dodging
  9670 | D:9      | Reached skill level 3 in Fighting
  9670 | D:9      | Reached skill level 9 in Transmutations
  9766 | D:9      | Found a staircase to the Orcish Mines.
  9953 | D:9      | Reached skill level 4 in Dodging
  9976 | D:9      | Reached skill level 7 in Unarmed Combat
 10103 | D:9      | Gained mutation: You cannot be stealthy. [Ru sacrifice]
 10468 | D:10     | Entered Level 10 of the Dungeon
 10547 | D:10     | Found a runed translucent door.
 10547 | D:10     | Noticed a sixfirhy
 10616 | D:10     | Reached XP level 11. HP: 74/76 MP: 15/21
 10617 | D:10     | Reached skill level 4 in Fighting
 10817 | D:10     | HP: 11/92 [gargoyle/stone arrow (14)]
 10822 | D:10     | HP: 16/92 [gargoyle/+0 dire flail (7)]
 10828 | D:10     | Reached skill level 7 in Spellcasting
 10833 | D:10     | HP: 19/92 [gnoll sergeant/+5 spear of flaming (6)]
 11195 | D:10     | Found a portal to a secret trove of treasure.
 11569 | D:10     | Noticed Josephine
 11608 | D:10     | Killed Josephine
 11619 | D:10     | Reached skill level 8 in Unarmed Combat
 11627 | D:10     | Reached skill level 5 in Fighting
 11627 | D:10     | Reached skill level 5 in Dodging
 11787 | D:10     | This trove needs 6 scrolls of fog to function. Give it the
                  | items?
 11874 | D:10     | Identified the +4 pair of boots "Xuczouf" {rC+}
 11906 | D:10     | You pick up a book of Rime and begin reading...
 11941 | D:10     | Identified the +10 hand axe of the Tundras {freeze, rElec
                  | Str+3 Dex+2}
 12597 | D:11     | Gained mutation: You cannot train Armour skill. [Ru
                  | sacrifice]
 12597 | D:11     | Reached * piety under Ru
 12597 | D:11     | Reached ** piety under Ru
 12956 | D:11     | HP: 20/96 [steam dragon/ball of steam (21)]
 13040 | D:11     | Noticed a boulder beetle
 13239 | D:11     | Killed a boulder beetle
 13335 | D:11     | Noticed a tengu warrior
 13347 | D:11     | Killed a tengu warrior
 13348 | D:11     | Reached skill level 9 in Unarmed Combat
 13351 | D:11     | Noticed a two-headed ogre
 13516 | D:11     | Killed a two-headed ogre
 13517 | D:11     | Reached skill level 6 in Fighting
 13539 | D:11     | Found a staircase to the Lair.
 13545 | D:11     | You add the spells Olgreb's Toxic Radiance, Ignition and
                  | Discord to your library.
 13779 | D:11     | Reached skill level 6 in Dodging
 13898 | Lair:1   | Entered Level 1 of the Lair of Beasts
 14129 | Lair:1   | Gained mutation: You are partially covered in icy blue
                  | scales. (AC +2) [demonic ancestry]
 14129 | Lair:1   | Reached XP level 12. HP: 89/89 MP: 16/22
 14540 | Lair:1   | Noticed a catoblepas
 14551 | Lair:1   | Killed a catoblepas
 14552 | Lair:1   | Reached skill level 10 in Unarmed Combat
 14783 | Lair:2   | Found a frozen archway.
 14809 | IceCv    | Entered an ice cave
 14831 | IceCv    | Reached skill level 7 in Fighting
 14981 | IceCv    | Found the +4 skin of Zhor {*Englaciate rC+++ SInv}
 15020 | IceCv    | Found a transporter.
 15025 | IceCv    | You pick up a book of the Moon and begin reading...
 15025 | IceCv    | You add the spells Passage of Golubria, Silence and
                  | Lehudib's Crystal Spear to your library.
 15031 | IceCv    | Found a transporter.
 15282 | Lair:2   | Reached skill level 7 in Dodging
 15422 | Lair:2   | Found a hole to the Spider Nest.
 15643 | Lair:2   | Reached skill level 11 in Unarmed Combat
 16027 | Lair:2   | Noticed a death yak
 16028 | Lair:2   | Noticed a death yak
 16030 | Lair:2   | Noticed a death yak
 16040 | Lair:2   | Killed a death yak
 16051 | Lair:2   | Killed a death yak
 16052 | Lair:2   | Reached skill level 8 in Fighting
 16061 | Lair:2   | Killed a death yak
 16264 | Lair:2   | You pick up a book of Weapons and begin reading...
 16264 | Lair:2   | You add the spells Tukima's Dance, Portal Projectile and
                  | Blade Hands to your library.
 16350 | Lair:2   | Noticed a five-headed hydra
 16350 | Lair:2   | Noticed a catoblepas
 16366 | Lair:2   | Killed a five-headed hydra
 16375 | Lair:2   | Killed a catoblepas
 16864 | Lair:3   | Learned a level 5 spell: Blade Hands
 16902 | Lair:3   | Reached XP level 13. HP: 88/99 MP: 17/23
 16914 | Lair:3   | Reached skill level 8 in Dodging
 16945 | Lair:3   | Reached skill level 12 in Unarmed Combat
 17441 | Lair:3   | Found a staircase to the Swamp.
 17713 | Lair:3   | Reached skill level 9 in Fighting
 18599 | Lair:4   | You pick up a book of Minor Magic and begin reading...
 18599 | Lair:4   | You add the spells Magic Dart, Call Imp and Mephitic Cloud
                  | to your library.
 18794 | Lair:4   | Reached skill level 10 in Transmutations
 18849 | Lair:4   | Paralysed by a floating eye for 4 turns
 18885 | Lair:4   | Found a viscous altar of Jiyva.
 18886 | Lair:4   | Found a staircase to the Slime Pits.
 18905 | Lair:4   | Reached skill level 13 in Unarmed Combat
 19151 | Lair:5   | Entered Level 5 of the Lair of Beasts
 19193 | Lair:5   | Reached skill level 9 in Dodging
 19355 | Lair:5   | Gained mutation: You cannot study or use magical devices.
                  | [Ru sacrifice]
 19355 | Lair:5   | Reached *** piety under Ru
 19355 | Lair:5   | Reached **** piety under Ru
 19480 | Lair:5   | Gained mutation: Your hexes are more powerful. [demonic
                  | ancestry]
 19480 | Lair:5   | Reached XP level 14. HP: 87/109 MP: 13/24
 19969 | Lair:5   | Reached skill level 10 in Fighting
 20310 | Lair:5   | Reached skill level 14 in Unarmed Combat
 20354 | Lair:5   | Paralysed by a floating eye for 4 turns
 20674 | Lair:5   | Found a corrupted altar of Lugonu.
 20674 | Lair:5   | Found a one-way gate to the infinite horrors of the Abyss.
 20774 | Lair:5   | Found the +5 glaive of the Guard {elec, spectral, AC+5}
 21226 | D:12     | Noticed Lodul
 21234 | D:12     | Killed Lodul
 21235 | D:12     | Reached skill level 10 in Dodging
 21348 | D:12     | HP: 17/111 [skeletal warrior/+0 trident (12)]
 21349 | D:12     | Reached skill level 11 in Transmutations
 21358 | D:12     | HP: 11/111 [komodo dragon (14)]
 21646 | D:12     | Gained mutation: You are hated by all. [Ru sacrifice]
 21646 | D:12     | Reached ***** piety under Ru
 21972 | D:12     | You pick up a book of Hexes and begin reading...
 21972 | D:12     | You add the spells Anguish, Cause Fear and Enfeeble to your
                  | library.
 22980 | Orc:1    | Entered Level 1 of the Orcish Mines
 22982 | Orc:1    | Identified a scroll of acquirement
 22985 | Orc:1    | Acquired a manual of Transmutations
 23097 | Orc:1    | Reached skill level 11 in Fighting
 23124 | Orc:1    | Identified a +2 robe of the Archmagi
 23441 | Orc:2    | Entered Level 2 of the Orcish Mines
 23450 | Orc:2    | Found Anoefot's Distillery.
 23495 | Orc:2    | Found Waozen's Antique Weapon Shoppe.
 23681 | Orc:2    | Found a staircase to the Elven Halls.
 23987 | Orc:2    | Found Bovuh's Weapon Shop.
 24129 | Orc:2    | Reached XP level 15. HP: 118/118 MP: 25/25
 24158 | Orc:2    | Reached skill level 15 in Unarmed Combat
 24180 | Orc:2    | Noticed Saint Roka
 24202 | Orc:2    | Killed Saint Roka
 24435 | Orc:2    | Found Meeskug's Antique Armour Boutique.
 24452 | Orc:2    | Found Kekkoutz's Antique Weapon Shop.
 24459 | Orc:2    | Bought a shiny helmet for 195 gold pieces
 24534 | Orc:2    | Found Soeriraf's Weapon Shop.
 24905 | Orc:2    | Found Yczexi's Armour Shoppe.
 25742 | D:13     | Reached skill level 12 in Transmutations
 25842 | D:13     | Found a gate to the Vaults.
 25906 | D:13     | Identified the +6 flail of Zuotzufuda {freeze, rElec rPois
                  | Will+ Dex-4}
 26779 | D:14     | You pick up a book of Debilitation and begin reading...
 26779 | D:14     | You add the spells Slow, Vampiric Draining and Confusing
                  | Touch to your library.
 27359 | D:15     | Entered Level 15 of the Dungeon
 27386 | D:15     | You pick up a book of Blood and begin reading...
 27414 | D:15     | Reached skill level 11 in Dodging
 27819 | D:15     | Gained mutation: You occasionally lose the ability to read
                  | scrolls when taking damage. [Ru sacrifice]
 27819 | D:15     | Gained mutation: You sometimes lose the ability to read
                  | scrolls when taking damage. [Ru sacrifice]
 27819 | D:15     | Reached ****** piety under Ru
 28070 | D:15     | Found Zitikyust's Magic Scroll Boutique.
 28103 | D:15     | You are cast into the Abyss!
 28103 | Abyss:2  | Cast into level 2 of the Abyss (a wizard)
 28125 | Abyss:2  | Noticed a tentacled starspawn
 28134 | Abyss:2  | Killed a tentacled starspawn
 28135 | Abyss:2  | Reached skill level 12 in Fighting
 28135 | Abyss:2  | Reached skill level 16 in Unarmed Combat
 28146 | D:15     | You pass through the gate.
 28146 | D:15     | Escaped the Abyss
 28280 | D:15     | Reached skill level 13 in Transmutations
 28284 | D:15     | Found a staircase to the Depths.
 28441 | D:15     | You pick up a book of Chaos and begin reading...
 28441 | D:15     | You add the spells Conjure Ball Lightning and Disjunction
                  | to your library.
 28664 | D:15     | Found a bloodstained altar of Trog.
 28889 | Spider:1 | Entered Level 1 of the Spider Nest
 29016 | Spider:1 | Reached XP level 16. HP: 108/127 MP: 26/26
 29330 | Spider:1 | HP: 30/125 [entropy weaver (4)]
 29336 | Spider:1 | HP: 14/129 [redback (5)]
 30430 | Spider:2 | You add the spells Ozocubu's Armour and Ozocubu's
                  | Refrigeration to your library.
 30592 | Spider:3 | HP: 31/129 [poisoned by a redback]
 30597 | Spider:3 | HP: 26/129 [poisoned by a redback]
 30916 | Spider:3 | Reached skill level 12 in Dodging
 30943 | Spider:3 | Noticed Jorgrun
 30952 | Spider:3 | Killed Jorgrun
 30953 | Spider:3 | Reached skill level 17 in Unarmed Combat
 31050 | Spider:3 | HP: 29/129 [disintegration (48)]
 31416 | Spider:3 | Reached skill level 13 in Fighting
 32281 | Spider:3 | You pick up a book of Geomancy and begin reading...
 32281 | Spider:3 | You add the spells Sandblast, Passwall and Stone Arrow to
                  | your library.
 32696 | Spider:4 | Entered Level 4 of the Spider Nest
 33735 | Spider:4 | Reached XP level 17. HP: 61/137 MP: 10/27
 33745 | Spider:4 | Reached skill level 18 in Unarmed Combat
 33906 | Spider:4 | Got a gossamer rune of Zot
 34314 | Swamp:1  | Entered Level 1 of the Swamp
 34433 | Swamp:1  | Paralysed by a hornet for 2 turns
 34923 | Swamp:1  | Reached skill level 13 in Dodging
 35096 | Swamp:1  | You pick up a book of Spatial Translocations and begin
                  | reading...
 35096 | Swamp:1  | You add the spells Blink and Momentum Strike to your
                  | library.
 35487 | Swamp:2  | Reached skill level 14 in Fighting
 35547 | Swamp:2  | Noticed a tentacled monstrosity
 35554 | Swamp:2  | HP: 14/139 [will-o-the-wisp/foxfire (21)]
 35555 | Swamp:2  | Killed from afar by a will-o-the-wisp

Vanquished Creatures
  Saint Roka (Orc:2)
  Jorgrun (Spider:3)
  A tentacled starspawn (Abyss:2)
  2 emperor scorpions
  8 ghost moths
  3 broodmothers
  A bunyip (Swamp:1)
  A dire elephant (D:15)
  3 spark wasps
  A great orb of eyes (D:15)
  Josephine (D:10)
  An entropy weaver (shapeshifter) (Lair:5)
  A rakshasa (D:14)
  5 hydras
  2 entropy weavers
  3 catoblepae
  A jorogumo (Spider:3)
  A ghost crab (Swamp:1)
  An ogre mage (D:15)
  9 two-headed ogres
  A death knight (D:14)
  4 centaur warriors
  A spriggan air mage (Swamp:2)
  6 boulder beetles
  3 alligators
  An orc high priest (Orc:2)
  14 death yaks
  5 radroaches
  6 tengu warriors
  3 thrashing horrors (Lair:5)
  A sixfirhy (D:10)
  A skyshark (Lair:3)
  5 skeletal warriors (D:12)
  3 goliath frogs
  Lodul (D:12)
  2 pharaoh ants
  9 orb spiders
  A spriggan druid (Swamp:1)
  A swamp dragon (Swamp:2)
  4 steelbarb worms
  2 deep elf pyromancers
  3 bog bodies
  6 orc knights
  2 wizards
  11 ugly things
  2 orc sorcerers (Orc:2)
  An oklob plant (D:12)
  14 wolf spiders
  2 will-o-the-wisps (Swamp:1)
  A salamander (D:15)
  5 cyclopes
  5 manticores
  A moth of wrath (Spider:2)
  18 elephants
  An eye of devastation (Lair:4)
  3 torpor snails
  6 demonic crawlers
  2 ice statues (IceCv)
  3 black mambas (Lair:2)
  2 gargoyles
  17 cane toads
  A rime drake (Lair:2)
  An efreet (D:15)
  An unseen horror (D:13)
  3 tengu conjurers
  A freezing wraith (D:14)
  2 ancient zymes (Lair:5)
  9 komodo dragons
  6 polar bears
  2 tyrant leeches (Swamp:1)
  A meliai (Lair:2)
  10 trolls
  A large abomination (Lair:5)
  4 hornets
  19 blink frogs
  28 tarantellas
  4 spriggans
  4 slime creatures (D:13)
  23 culicivoras
  18 jumping spiders
  3 shadows
  3 ynoxinuls (Lair:5)
  45 yaks
  2 wyverns
  6 wraiths
  8 basilisks
  5 steam dragons
  11 vampire mosquitoes
  38 redbacks
  A chaos spawn (Lair:5)
  A death yak simulacrum (IceCv)
  3 wargs
  An acid dragon (D:11)
  4 swamp worms
  A two-headed ogre zombie (D:9)
  6 water moccasins
  A floating eye (Lair:4)
  A floating eye (shapeshifter) (Lair:5)
  27 orc warriors
  Pargi (Sewer)
  3 sky beasts (D:6)
  An ice beast (D:6)
  A black bear (D:7)
  A boggart (shapeshifter) (Lair:5)
  7 centaurs
  22 ogres
  11 wolves
  A tengu (D:11)
  2 elf zombies (Ossuary)
  3 phantoms
  4 kobold brigands
  A gnoll sergeant (D:10)
  14 bullfrogs
  A scorpion (D:4)
  3 wights (D:7)
  23 killer bees
  A troll zombie (D:9)
  An elephant simulacrum (IceCv)
  An electric eel (Spider:2)
  6 howler monkeys
  3 human zombies (Ossuary)
  A jelly (D:11)
  A gnoll bouda (D:5)
  26 orc priests
  8 hounds
  9 iguanas
  30 orc wizards
  7 hell rats (Lair:4)
  12 small abominations
  2 wolf simulacra (IceCv)
  6 ogre zombies (D:9)
  2 mummies (Ossuary)
  Robin (D:2)
  7 adders
  16 gnolls
  A river rat (D:3)
  3 shadow imps
  15 white imps
  An ufetubus (D:6)
  2 adder zombies (Ossuary)
  A worm (D:2)
  4 dart slugs
  88 orcs
  4 endoplasms
  7 giant cockroaches
  22 goblins
  9 hobgoblins
  27 kobolds
  3 quokkas
  8 ball pythons
  7 bats
  6 frilled lizards
  2 goblin skeletons (D:9)
  A goblin zombie (D:9)
  2 hobgoblin skeletons (D:9)
  15 hobgoblin zombies
  A jackal zombie (Ossuary)
  8 kobold zombies (Ossuary)
  3 orc skeletons (D:9)
  23 orc zombies
  7 rats
  A starspawn tentacle (Abyss:2)
1041 creatures vanquished.

Vanquished Creatures (others)
  A ghost moth (Spider:3)
  2 spriggans (Swamp:1)
  A steelbarb worm (Spider:4)
  An orc sorcerer (Orc:2)
  An ugly thing (D:15)
  2 bloated husks (Swamp:1)
  2 hornets (Swamp:1)
  A culicivora (Spider:4)
  A wolf (Lair:4)
  A bullfrog (Lair:2)
  13 foxfires
  12 fungi
  45 plants
  2 starspawn tentacles (Abyss:2)
85 creatures vanquished.

Grand Total: 1126 creatures vanquished

Table legend:
 A = Non-vault XP
 B = Vault XP
 C = Vault XP percentage of total XP
 D = Non-vault monster count
 E = Vault monster count
 F = Vault count percentage of total count
                 A         B        C        D         E       F
            +---------+---------+-------+---------+---------+-------
      Total |  178757 |   62335 |  25.9 |     680 |     367 |  35.1
            +---------+---------+-------+---------+---------+-------
        D:1 |      55 |       0 |   0.0 |      24 |       0 |   0.0
        D:2 |      60 |      36 |  37.5 |      13 |      12 |  48.0
        D:3 |      66 |     187 |  73.9 |      14 |      15 |  51.7
        D:4 |     332 |       0 |   0.0 |      24 |       0 |   0.0
        D:5 |     526 |       0 |   0.0 |      23 |       0 |   0.0
        D:6 |     785 |    1024 |  56.6 |       9 |      15 |  62.5
        D:7 |     953 |     124 |  11.5 |      20 |       3 |  13.0
        D:8 |     451 |       8 |   1.7 |      11 |       4 |  26.7
        D:9 |    3591 |     940 |  20.7 |      40 |      36 |  47.4
       D:10 |    2747 |    2284 |  45.4 |      25 |       5 |  16.7
       D:11 |    5021 |     491 |   8.9 |      17 |       6 |  26.1
       D:12 |    9819 |    2039 |  17.2 |      19 |       8 |  29.6
       D:13 |    8154 |    2476 |  23.3 |      24 |       4 |  14.3
       D:14 |    5043 |       0 |   0.0 |      12 |       0 |   0.0
       D:15 |   17709 |    3586 |  16.8 |      36 |       6 |  14.3
     Lair:1 |    3800 |       0 |   0.0 |      14 |       0 |   0.0
     Lair:2 |    7913 |    4643 |  37.0 |      25 |      30 |  54.5
     Lair:3 |    8095 |    1286 |  13.7 |      22 |       2 |   8.3
     Lair:4 |    8246 |     587 |   6.6 |      34 |       2 |   5.6
     Lair:5 |   18043 |   10873 |  37.6 |      52 |      40 |  43.5
    Swamp:1 |   10988 |       0 |   0.0 |      24 |       0 |   0.0
    Swamp:2 |    4778 |       0 |   0.0 |       7 |       0 |   0.0
   Spider:1 |   11667 |       0 |   0.0 |      33 |       0 |   0.0
   Spider:2 |   10569 |       0 |   0.0 |      24 |       0 |   0.0
   Spider:3 |   18810 |    5023 |  21.1 |      43 |       6 |  12.2
   Spider:4 |   12098 |   15130 |  55.6 |      29 |      33 |  53.2
      Orc:1 |    4021 |       0 |   0.0 |      36 |       0 |   0.0
      Orc:2 |    2913 |    7855 |  72.9 |      24 |      66 |  73.3
    Abyss:2 |    1504 |       0 |   0.0 |       2 |       0 |   0.0
      Sewer |       0 |     141 | 100.0 |       0 |       6 | 100.0
    Ossuary |       0 |     406 | 100.0 |       0 |      39 | 100.0
     Bailey |       0 |     982 | 100.0 |       0 |      21 | 100.0
      IceCv |       0 |    2214 | 100.0 |       0 |       8 | 100.0
            +---------+---------+-------+---------+---------+-------

Illustrated notes

Table legend:
 A = Kills in this place as a percentage of kills in the entire game.
 B = Kills by you in this place as a percentage of kills by you in the entire game.
 C = Kills by friends in this place as a percentage of kills by friends in the entire game.
 D = Other kills in this place as a percentage of other kills in the entire game.
 E = Experience gained in this place as a percentage of experience gained in the entire game.
 F = Experience gained in this place divided by the number of levels of this place that you have seen.
                   A       B       C       D       E      F
               +-------+-------+-------+-------+-------+----------------------
         Total | 100.0 | 100.0 |   N/A | 100.0 | 100.0 | 7305.8
       Dungeon |  40.6 |  40.8 |   N/A |  14.3 |  28.4 | 4567.1
          Lair |  21.1 |  21.2 |   N/A |  14.3 |  26.3 | 12697.2
         Swamp |   3.0 |   2.7 |   N/A |  42.9 |   6.5 | 7883.0
   Spider Nest |  16.0 |  16.0 |   N/A |  28.6 |  30.4 | 18324.2
  Orcish Mines |  12.0 |  12.1 |   N/A |   0.0 |   6.1 | 7394.5
         Abyss |   0.2 |   0.2 |   N/A |   0.0 |   0.6 | 1504.0
         Sewer |   0.6 |   0.6 |   N/A |   0.0 |   0.1 | 141.0
       Ossuary |   3.7 |   3.8 |   N/A |   0.0 |   0.2 | 406.0
        Bailey |   2.0 |   2.0 |   N/A |   0.0 |   0.4 | 982.0
      Ice Cave |   0.8 |   0.8 |   N/A |   0.0 |   0.9 | 2214.0
               +-------+-------+-------+-------+-------+----------------------

Table legend: (Time is in decaauts)
 A = Elapsed time spent in this place.
 B = Non-inter-level travel time spent in this place.
 C = Inter-level travel time spent in this place.
 D = Time resting spent in this place.
 E = Time spent auto-exploring this place.
 F = Levels seen in this place.
 G = Mean time per level.
                   A        B        C        D        E       F      G
               +--------+--------+--------+--------+--------+-----+--------+
         Total |  35073 |  32956 |   2117 |    908 |  25793 |  33 | 1062.8 |
       Dungeon |  18209 |  17059 |   1150 |    450 |  13750 |  15 | 1213.9 |
          Lair |   6790 |   6365 |    425 |     81 |   5051 |   5 | 1358.0 |
         Swamp |   1214 |   1180 |     34 |      0 |   1014 |   2 |  607.0 |
   Spider Nest |   5062 |   4774 |    288 |    124 |   3734 |   4 | 1265.5 |
  Orcish Mines |   2112 |   1894 |    218 |      0 |   1472 |   2 | 1056.0 |
         Abyss |     41 |     41 |      0 |      0 |     20 |   1 |   41.0 |
         Sewer |    228 |    228 |      0 |    109 |     63 |   1 |  228.0 |
       Ossuary |    300 |    300 |      0 |     14 |    123 |   1 |  300.0 |
        Bailey |    701 |    701 |      0 |    123 |    246 |   1 |  701.0 |
      Ice Cave |    412 |    412 |      0 |      7 |    320 |   1 |  412.0 |
               +--------+--------+--------+--------+--------+-----+--------+

Top non-repeatable levels by time:
  Lair:2: 1905 daAuts
    D:10: 1873 daAuts
Spider:3: 1793 daAuts
  Lair:5: 1637 daAuts
     D:9: 1620 daAuts
    D:12: 1563 daAuts
    D:11: 1517 daAuts
   Orc:2: 1509 daAuts
     D:5: 1358 daAuts
Spider:4: 1353 daAuts
    D:15: 1339 daAuts
  Lair:3: 1333 daAuts
     D:8: 1222 daAuts
    D:14: 1152 daAuts
 Swamp:1: 1084 daAuts
